 Dungeon Crawl Stone Soup version 0.16.2-12-gd0ad4c3 (webtiles) character file.

233184 Shiisan the Spry (level 19, -3/170 HPs)
             Began as a Merfolk Gladiator on Oct 19, 2015.
             Was the Champion of Yredelemnul.
             Shot with a bolt by a naga sharpshooter (17 damage)
             ... led by Vashnia
             ... on level 2 of the Snake Pit on Oct 20, 2015.
             The game lasted 03:43:10 (42245 turns).

Shiisan the Spry (Merfolk Gladiator)               Turns: 42245, Time: 03:43:10

Health: -3/170     AC: 13    Str: 26    XL:     19   Next: 10%
Magic:  36/36      EV: 29    Int: 19    God:    Yredelemnul [******]
Gold:   2688       SH:  8    Dex: 25    Spells: 3 memorised, 33 levels left

rFire  + + .     SeeInvis .     F - +8 trident of the Octopus King {venom, rElec rPois MR+}
rCold  + . .     Clarity  .     k - +5 ring mail "Ocaif" {Str+4 Int+7 Dex+3 Stlth-}
rNeg   + . .     SustAb   +     w - +0 buckler of Gehenna {Dex+4}
rPois  +         Gourm    .     S - -2 hat of the Alchemist {rElec rPois rF+ rC+ rN+ MR+ rMut rCorr}
rElec  +         Spirit   .     B - +0 cloak {rPois}
rCorr  +         Warding  .     z - +0 pair of gloves {archery}
rMut   +         Stasis   .     (no boots)
MR     +++++                    i - amulet of Vitality {Regen+ HP+15}
Stlth  +.........               c - ring of sustain abilities
                                Y - ring of the Mage {Wiz MR++ Int+3}

@: almost entirely resistant to hostile enchantments, very unstealthy
A: change form in water, swift swim, thin skeletal structure 1, fire resistance
1, regeneration 1, spit poison 1, strong 1
a: Spit Poison, Animate Dead, Recall Undead Slaves, Injury Mirror, Drain Life,
Enslave Soul, Renounce Religion
}: 2/15 runes: serpentine, barnacled


You were on level 2 of the Snake Pit.
You worshipped Yredelemnul.
Yredelemnul was exalted by your worship.
You were near starving.

You visited 5 branches of the dungeon, and saw 37 of its levels.
You also visited: Labyrinth.

You collected 4189 gold pieces.
You spent 1501 gold pieces at shops.

Inventory:

Hand weapons
 o - a +4 demon trident of pain
 F - the +8 trident of the Octopus King (weapon) {venom, rElec rPois MR+}
   (You took it off a minotaur in a labyrinth)

   It poisons the flesh of those it strikes.
   It insulates you from electricity.
   It protects you from poison.
   It affects your resistance to hostile enchantments.
Missiles
 d - 9 throwing nets
 y - 11 javelins (quivered)
 A - 29 javelins of returning
 Q - 16 poisoned javelins
Armour
 a - a +4 ring mail of positive energy
 k - the +5 ring mail "Ocaif" (worn) {Str+4 Int+7 Dex+3 Stlth-}
   (You bought it in a shop on level 5 of the Snake Pit)

   It affects your strength (+4).
   It affects your intelligence (+7).
   It affects your dexterity (+3).
   It makes you less stealthy.
 w - the +0 buckler of Gehenna (worn) {Dex+4}
   (You took it off Norris on level 2 of the Snake Pit)

   It affects your dexterity (+4).
 z - a +0 pair of gloves of archery (worn)
 B - a +0 cloak of poison resistance (worn)
 S - the -2 hat of the Alchemist (worn) {rElec rPois rF+ rC+ rN+ MR+ rMut rCorr}
   (You found it on level 5 of the Shoals)

   It protects you from fire.
   It protects you from cold.
   It insulates you from electricity.
   It protects you from poison.
   It protects you from negative energy.
   It affects your resistance to hostile enchantments.
   It protects you from acid and corrosion.
   It protects you from mutation.
Rods
 M - a +5 lightning rod (1/14)
   (You found it in a labyrinth)
 T - a +2 rod of destruction (1/13)
   (You found it in a labyrinth)
 W - a +5 rod of destruction (2/10)
   (You found it in a labyrinth)
Jewellery
 b - an uncursed ring of protection from fire
 c - a ring of sustain abilities (right hand)
 i - the amulet of Vitality (around neck) {Regen+ HP+15}
   (You found it on level 5 of the Shoals)

   [amulet of regeneration]

   It affects your health (+15).
   It increases your rate of regeneration.
 E - an uncursed amulet of warding
 K - the amulet of Waviposk {rMut rPois Dex-2 SInv}
   (You found it on level 4 of the Lair of Beasts)

   [amulet of resist mutation]

   It protects you from mutation.
   It affects your dexterity (-2).
   It protects you from poison.
   It enhances your eyesight.
 Y - the ring of the Mage (left hand) {Wiz MR++ Int+3}
   (You found it on level 4 of the Snake Pit)

   [ring of wizardry]

   It improves your spell success rate.
   It affects your intelligence (+3).
   It affects your resistance to hostile enchantments.
Magical devices
 u - a wand of digging (14)
 H - a wand of heal wounds (2)
 Z - a wand of teleportation (8)
Scrolls
 e - 3 scrolls of amnesia
 j - 11 scrolls of identify
 p - 7 scrolls of teleportation
 r - 4 scrolls of immolation
 s - a scroll of brand weapon
 t - 2 scrolls of fog
 I - 2 scrolls of fear
 O - 4 scrolls of blinking
 R - 11 scrolls of remove curse
 U - a scroll of silence
 X - a scroll of magic mapping
Potions
 g - 11 potions of curing
 n - 4 potions of heal wounds
 q - 4 potions of restore abilities
 v - a potion of might
 x - 5 potions of berserk rage
 D - 3 potions of haste
 G - a potion of flight
 J - a potion of ambrosia
 L - a potion of degeneration {unknown}
 N - a potion of lignification
 V - 2 potions of invisibility
Comestibles
 f - 3 meat rations
 l - a beef jerky
 m - 8 bread rations
 C - 10 slices of pizza


   Skills:
 - Level 15.0 Fighting
 - Level 16.0 Polearms
 * Level 6.4 Throwing
 - Level 10.4 Armour
 + Level 16.7 Dodging
 - Level 12.0 Shields
 - Level 11.4 Spellcasting
 - Level 7.3 Charms
 - Level 3.9 Necromancy
 - Level 12.0 Invocations


You had 33 spell levels left.
You knew the following spells:

 Your Spells              Type           Power        Failure   Level  Hunger
a - Repel Missiles        Chrm/Air       ###...       1%          2    None
b - Regeneration          Chrm/Necr      ####......   1%          3    None
c - Blink                 Tloc           N/A          7%          2    None


Dungeon Overview and Level Annotations

Branches:
Dungeon (15/15)            Temple (0/1) D:6            Lair (8/8) D:11
 Shoals (5/5) Lair:3        Snake (5/5) Lair:5        Slime (0/6) Lair:8
    Orc (4/4) D:9             Elf (0/3) Orc:3        Vaults (0/5) D:13
 Depths (0/5) D:15

Altars:
Ashenzari
Makhleb
Nemelex Xobeh
Qazlal
Vehumet
Yredelemnul
The Shining One
Beogh

Shops:
D:6 *   D:13 [   Orc:4 [:%!   Shoals:4 *   Snake:3 :   Snake:4 !   Snake:5 %[*

Portals:
Hell: Lair:8
Pandemonium: Orc:4

Annotations:
Snake:2 Vashnia


Innate Abilities, Weirdness & Mutations

You revert to your normal form in water.
You are very nimble and swift while swimming.
You have a somewhat thin skeletal structure (Dex +2, Stealth).
Your flesh is heat resistant.
Your natural rate of healing is unusually fast.
You can spit poison.
Your muscles are strong. (Str +2)


Message History

Aim: Vashnia, wielding an arbalest of evasion, wearing a runed naga barding and carrying a wand of lightning {zapped: 5} (severely wounded, catching her breath)
You throw a javelin. The javelin misses Vashnia.
Wield which item (- for none, * to show all)? (? for menu, Esc to quit)
It begins to drip with poison!
F - the +8 trident of the Octopus King (weapon)
{venom, rElec rPois MR+} Vashnia blinks!
The naga sharpshooter shoots a bolt.
The bolt hits you!!
You see here a bolt.
The naga sharpshooter casts a spell.
The naga sharpshooter magically shoots a bolt.
The bolt hits you!!
* * * LOW HITPOINT WARNING * * *
You see here 4 bolts.
The naga sharpshooter shoots a bolt.
The bolt hits you!!
* * * LOW HITPOINT WARNING * * *
You see here a bolt.
The naga sharpshooter shouts!
The naga sharpshooter shoots a bolt.
The bolt hits you!
You die...
Your body rises from the dead as a mindless zombie.

##......([.......N##
##..........
##....((..>....N.#
#..........
##.....(........#
#.........(
#####...((()...#
#..........
##.(.(....##
#..........
##...(.(.##
##.........
##....(N.## ###.......
##.).....## ##........
####.@...####.........
#......##..N.......
##.((..##..........
#..(...#..........
##(((..N..........
##...............
#...............
##..............
#..............


You could see 4 naga sharpshooters.

Vanquished Creatures
  Norris (Snake:2)
  A bone dragon (Snake:5)
  Asterion (Shoals:5)
  A kraken (Shoals:4)
  An azure jelly (shapeshifter) (D:13)
  Ilsuiw (Shoals:5)
  Gastronok (Lair:3)
  9 greater nagas
  Azrael (Snake:1)
  A dire elephant (Lair:8)
  2 merfolk javelineers (Shoals:5)
  A minotaur (Lab)
  4 merfolk impalers
  Harold (D:15)
  11 naga warriors
  A catoblepas (Lair:5)
  Nessos (Snake:1)
  7 hydras
  Erica (D:15)
  5 merfolk avatars
  A centaur warrior (D:13)
  2 merfolk aquamancers
  A satyr (Shoals:3)
  10 anacondas
  9 naga sharpshooters
  An orc high priest (Orc:4)
  7 death yaks (Lair:8)
  4 shock serpents
  3 skeletal warriors
  A wizard (Lair:8)
  A soul eater (Orc:4)
  A shadow wraith (D:12)
  11 naga ritualists
  12 sea snakes
  3 orc knights
  A torturous demonspawn (Orc:4)
  3 hill giants
  Erolcha (Orc:4)
  5 harpies (Shoals:3)
  Pikel (D:6)
  2 phantasmal warriors
  3 lindwurms
  4 ugly things
  4 mana vipers
  An oklob plant (Lair:8)
  6 orc sorcerers
  2 salamanders
  6 griffons
  4 sirens (Shoals:1)
  A manticore (shapeshifter) (D:13)
  10 fauns
  6 water nymphs
  4 manticores
  7 elephants
  6 cyclopes
  2 sixfirhies
  A smoke demon (Orc:4)
  29 black mambas
  A guardian serpent (Snake:4)
  9 spiny frogs
  8 drowned souls
  20 naga magi
  4 gargoyles
  A yaktaur zombie (D:15)
  A kobold demonologist (D:11)
  3 fire drakes
  5 komodo dragons
  A hellwing (Orc:4)
  A red devil (Lair:8)
  15 merfolk
  4 trolls
  11 blink frogs
  Grinder (D:6)
  3 two-headed ogres
  Prince Ribbit (D:4)
  3 wind drakes
  A raven (shapeshifter) (D:13)
  2 slime creatures
  A trapdoor spider (D:14)
  A boulder beetle (Lair:8)
  2 snapping turtles (Shoals:1)
  A shadow (D:15)
  A deep elf mage (D:15)
  7 water elementals
  5 basilisks
  3 fire elementals (Snake:1)
  3 wraiths
  2 wyverns
  45 yaks
  9 wolves
  6 hippogriffs
  36 nagas
  A warg (Orc:3)
  A soldier ant (D:11)
  Edmund (Orc:1)
  Menkaure (D:6)
  5 hell hounds
  30 water moccasins
  17 porcupines
  19 orc warriors
  A wasp (D:7)
  5 phantoms
  3 ice beasts
  6 sky beasts
  5 centaurs
  2 boring beetles
  9 crocodiles
  9 ogres
  The ghost of Britaniac the Firebug, an average HEFE of Vehumet (D:3)
  6 big kobolds
  Blork the orc (D:9)
  2 wyvern zombies
  18 giant frogs
  A water moccasin zombie (D:5)
  4 scorpions
  A wyvern skeleton (D:6)
  15 wights
  5 killer bees
  A yak zombie (Lair:8)
  2 electric eels (Lair:5)
  2 quasits (D:9)
  2 giant frog zombies
  3 centaur zombies
  A centaur skeleton (D:6)
  8 hounds
  8 jellies
  18 orc priests
  Crazy Yiuf (D:6)
  4 crimson imps
  2 giant frog skeletons
  Natasha (thrice) (D:5)
  A gnoll shaman (Orc:4)
  26 orc wizards
  5 iguanas
  11 worker ants
  27 sheep
  Ijyb (D:5)
  A mummy (D:7)
  A hound zombie (D:7)
  Robin (D:2)
  22 adders
  13 gnolls
  45 river rats
  2 giant mites (D:5)
  A shadow imp (D:6)
  4 worms
  5 giant geckos
  12 oozes
  118 orcs
  A bat skeleton (D:8)
  A bat zombie (D:5)
  4 giant cockroaches
  28 hobgoblins
  9 jackals
  23 kobolds
  8 quokkas
  3 ball pythons (Lair:5)
  9 bats
  2 giant newts
  2 giant spores (D:14)
  24 goblins
  A goblin zombie (D:6)
  4 orc zombies
  14 rats
  A spectral orc (D:4)
  6 ballistomycetes
  A fungus (Lair:8)
  A plant (Shoals:5)
  2 tentacles (Shoals:4)
1109 creatures vanquished.

Vanquished Creatures (collateral kills)
  A greater naga (Snake:5)
  Aizul (Shoals:2)
  A dire elephant (Lair:5)
  2 merfolk javelineers (Shoals:5)
  Snorg (Lair:8)
  A quicksilver dragon zombie (D:15)
  6 merfolk impalers (Shoals:5)
  Fannar (Orc:2)
  9 naga warriors
  7 hydras
  A catoblepas (D:14)
  3 merfolk avatars
  An alligator snapping turtle (Shoals:5)
  4 merfolk aquamancers (Shoals:5)
  2 satyrs (Shoals:5)
  A centaur warrior (D:14)
  An anaconda (Snake:2)
  6 death yaks (Lair:8)
  3 orc high priests (Orc:4)
  4 shock serpents
  4 naga sharpshooters
  Nergalle (Lair:6)
  A salamander mystic (Snake:1)
  An ice devil (Orc:4)
  5 sea snakes
  A skeletal warrior (D:15)
  A sun demon (Lair:8)
  4 orc sorcerers (Orc:4)
  A naga ritualist (Snake:5)
  A torturous demonspawn (Orc:4)
  A gelid demonspawn (Orc:4)
  5 mana vipers
  A necromancer (D:15)
  4 orc knights
  7 oklob plants
  A sphinx zombie (D:15)
  2 salamanders
  3 hill giants
  2 water nymphs (Shoals:5)
  3 griffons
  4 sixfirhies (Orc:4)
  2 fauns (Shoals:3)
  A cyclops (D:15)
  6 manticores
  5 sirens
  4 drowned souls
  3 guardian serpents
  3 elephants
  2 smoke demons
  3 orange demons (Lair:8)
  A gargoyle (D:14)
  7 spiny frogs
  A centaur zombie (D:14)
  19 black mambas
  3 centaur skeletons
  A rust devil (Orc:4)
  6 naga magi
  An efreet (D:15)
  A fire drake (Lair:5)
  A hellwing (Orc:4)
  2 blue devils (Lair:8)
  6 komodo dragons
  A guardian mummy (D:15)
  A freezing wraith (D:14)
  4 trolls
  3 red devils
  12 merfolk
  2 wind drakes (Shoals:5)
  A blink frog (Lair:5)
  3 snapping turtles
  A hornet zombie (D:15)
  A basilisk (Lair:7)
  An ettin skeleton (D:15)
  7 hippogriffs
  A neqoxec (Orc:1)
  8 water elementals
  2 yaks (Lair:5)
  A wolf (Lair:8)
  19 nagas
  11 water moccasins
  A hell hound (Lair:8)
  A porcupine (Lair:8)
  An ice beast (D:13)
  8 orc warriors
  A sky beast (D:14)
  6 ogres
  2 orc zombies (Orc:4)
  2 centaurs (Shoals:5)
  5 crocodiles
  4 giant frogs
  3 killer bees (D:14)
  An electric eel (Snake:4)
  3 wights (D:15)
  A goliath beetle (D:9)
  A quasit (D:14)
  A crimson imp (D:15)
  12 orc priests
  8 orc wizards
  A hound (Lair:7)
  5 sheep
  5 gnolls (Orc:4)
  15 river rats
  55 orcs
  A ball python (Lair:5)
  2 goblins (Orc:1)
  3 hobgoblins
  3 kobolds (D:9)
  A quokka (Lair:1)
  2 spectral orcs (Lair:6)
  2 bushes (Lair:7)
  A butterfly (Lair:6)
  10 fungi
  10 plants
443 creatures vanquished.

Vanquished Creatures (others)
  2 profane servitors
  A ghoul (Shoals:4)
  3 death cobs
  A spectral human (Snake:4)
  5 skeletal warriors
  2 flayed ghosts
  An anaconda zombie (Snake:2)
  3 phantasmal warriors
  A centaur zombie (D:13)
  22 drowned souls
  6 death yak zombies (Lair:8)
  4 hydra zombies
  A griffon zombie (Lair:5)
  A guardian serpent zombie (Snake:2)
  A blink frog (Lair:8)
  An ugly thing zombie (D:13)
  9 flying skulls
  5 vampires
  A yak (Lair:8)
  2 black mamba zombies
  2 hill giant zombies
  A wraith (Orc:4)
  A mottled dragon (D:15)
  3 spiny frog zombies
  A water moccasin (Lair:8)
  A blink frog zombie (Lair:5)
  A spectral kobold (Shoals:4)
  A lindwurm zombie (Lair:8)
  3 elephant zombies (Lair:7)
  16 naga zombies
  A komodo dragon zombie (Lair:5)
  4 water moccasin zombies
  7 yak zombies
  A water moccasin skeleton (Lair:5)
  3 troll zombies
  A wight (Lair:4)
  A wolf zombie (Lair:8)
  2 giant frog zombies
  An electric eel (Lair:5)
  A two-headed ogre zombie (D:9)
  A basilisk zombie (Lair:8)
  2 porcupine skeletons (Lair:5)
  A killer bee zombie (D:9)
  A sky beast zombie (D:10)
  An ogre zombie (D:11)
  A crocodile zombie (Lair:8)
  4 naga skeletons
  2 mummies
  An adder zombie (Lair:7)
  2 electric eel zombies (Lair:5)
  26 orc zombies
  An orc skeleton (Orc:4)
  4 orcs
  7 river rat zombies
  A giant spore (D:11)
  A quokka zombie (Lair:5)
  31 fungi
  12 plants
  2 tentacles (Shoals:4)
  208 tentacle segments (Shoals:4)
  15 toadstools
448 creatures vanquished.

Grand Total: 2000 creatures vanquished

Notes
Turn   | Place    | Note
--------------------------------------------------------------
     0 | D:1      | Shiisan, the Merfolk Gladiator, began the quest for the Orb.
     0 | D:1      | Reached XP level 1. HP: 16/16 MP: 1/1
   189 | D:1      | Reached skill level 5 in Polearms
   235 | D:1      | Reached XP level 2. HP: 13/22 MP: 2/2
   541 | D:1      | Reached skill level 6 in Polearms
   541 | D:1      | Reached XP level 3. HP: 22/27 MP: 3/3
  1250 | D:2      | Reached XP level 4. HP: 31/33 MP: 4/4
  1300 | D:2      | Reached skill level 7 in Polearms
  1643 | D:2      | Noticed Robin
  1666 | D:2      | Killed Robin
  1671 | D:2      | Got a distressingly furry helmet
  1682 | D:2      | Identified the cursed -2 helmet "Ullean" {Regen+ Dex+4} (You took it off Robin on level 2 of the Dungeon)
  1704 | D:2      | Reached skill level 8 in Polearms
  1704 | D:2      | Reached XP level 5. HP: 38/38 MP: 5/5
  1878 | D:2      | Found a sparkling altar of Nemelex Xobeh.
  2194 | D:3      | Found a radiant altar of Vehumet.
  2268 | D:3      | Reached skill level 9 in Polearms
  2431 | D:3      | Noticed Britaniac's ghost (average HEFE)
  2455 | D:3      | Gained mutation: Your natural rate of healing is unusually fast. [potion of mutation]
  2455 | D:3      | Gained mutation: Your flesh is heat resistant. [potion of mutation]
  2455 | D:3      | Gained mutation: You can spit poison. [potion of mutation]
  2505 | D:3      | Found a shattered altar of Ashenzari.
  2716 | D:3      | Killed Britaniac's ghost
  2716 | D:3      | Reached XP level 6. HP: 25/46 MP: 6/6
  2838 | D:4      | Got a steaming robe
  2839 | D:4      | Identified the cursed -4 robe of Coronation {Contam rElec rC+ Regen+ Dex+3} (You found it on level 4 of the Dungeon)
  3079 | D:4      | Reached skill level 1 in Armour
  3235 | D:4      | Noticed an ogre
  3236 | D:4      | Noticed Prince Ribbit
  3251 | D:4      | Killed an ogre
  3261 | D:4      | Killed Prince Ribbit
  3261 | D:4      | Reached skill level 5 in Dodging
  3261 | D:4      | Reached XP level 7. HP: 19/53 MP: 7/7
  3439 | D:4      | Found a stormy altar of Qazlal.
  3489 | D:4      | Found a basalt altar of Yredelemnul.
  3498 | D:4      | Became a worshipper of Yredelemnul the Dark
  3921 | D:5      | Entered Level 5 of the Dungeon
  4395 | D:5      | Found a stormy altar of Qazlal.
  4477 | D:5      | Noticed Natasha
  4481 | D:5      | Killed Natasha
  4500 | D:5      | Reached XP level 8. HP: 61/61 MP: 8/8
  4659 | D:5      | Noticed Ijyb
  4667 | D:5      | Killed Ijyb
  4898 | D:5      | Noticed Natasha
  4903 | D:5      | Killed Natasha
  4983 | D:5      | Noticed Natasha
  4985 | D:5      | Killed Natasha
  5009 | D:5      | Found a sparkling altar of Nemelex Xobeh.
  5557 | D:6      | Noticed Menkaure
  5611 | D:6      | Found a burning altar of Makhleb.
  5614 | D:6      | Found a staircase to the Ecumenical Temple.
  5660 | D:6      | Reached skill level 5 in Fighting
  5670 | D:6      | Noticed Grinder
  5672 | D:6      | Acquired Yredelemnul's first power
  5693 | D:6      | Killed Grinder
  5821 | D:6      | Noticed Pikel
  5852 | D:6      | Killed Pikel
  5852 | D:6      | Reached XP level 9. HP: 53/71 MP: 9/9
  5937 | D:6      | Found a glowing golden altar of the Shining One.
  5975 | D:6      | Reached skill level 10 in Dodging
  6095 | D:6      | Killed Menkaure
  6204 | D:6      | Found Stoofoaf's General Store.
  6211 | D:6      | Bought a scroll of identify for 24 gold pieces
  6259 | D:6      | You fall through a shaft for 2 floors!
  6508 | D:8      | Reached skill level 11 in Dodging
  6697 | D:6      | Noticed Crazy Yiuf
  6705 | D:6      | Killed Crazy Yiuf
  6727 | D:6      | Identified a scroll of acquirement
  7225 | D:7      | Reached XP level 10. HP: 78/80 MP: 10/10
  7464 | D:7      | Reached skill level 10 in Polearms
  8293 | D:8      | Noticed a three-headed hydra
  8430 | D:9      | Reached skill level 12 in Polearms
  8460 | D:9      | Acquired Yredelemnul's second power
  8599 | D:9      | Reached skill level 13 in Polearms
  8621 | D:9      | Found a staircase to the Orcish Mines.
  8813 | D:9      | Noticed Blork the orc
  8819 | D:9      | Killed Blork the orc
  9517 | D:8      | Reached skill level 14 in Polearms
  9752 | D:8      | Reached skill level 1 in Invocations
 10112 | D:10     | Entered Level 10 of the Dungeon
 10399 | D:10     | Reached XP level 11. HP: 68/86 MP: 16/18
 10427 | D:10     | Acquired Yredelemnul's third power
 10471 | D:10     | Gained mutation: You have a somewhat thin skeletal structure (Dex +2, Stealth). [potion of beneficial mutation]
 10493 | D:10     | Reached skill level 5 in Invocations
 11344 | D:11     | Noticed a hill giant
 11352 | D:11     | Killed a hill giant
 11587 | D:11     | Found a staircase to the Lair.
 11590 | D:11     | Noticed a six-headed hydra
 11590 | D:11     | Noticed a five-headed hydra
 11609 | D:11     | Killed a five-headed hydra
 11613 | D:11     | Killed a six-headed hydra
 11613 | D:11     | Reached skill level 5 in Armour
 12752 | D:12     | Reached XP level 12. HP: 97/97 MP: 23/23
 12853 | D:12     | Reached skill level 10 in Fighting
 12984 | D:13     | Found Goasap's Armour Boutique.
 13218 | D:13     | Noticed a centaur warrior
 13235 | D:13     | Killed a centaur warrior
 13446 | D:13     | You fall through a shaft for 2 floors!
 13446 | D:15     | Entered Level 15 of the Dungeon
 13712 | D:14     | Received a gift from Yredelemnul
 14054 | D:13     | Noticed an ice dragon
 14054 | D:13     | a giant leech changed into an ice dragon
 14057 | D:13     | an ice dragon changed into a wolf spider
 14075 | D:12     | HP: 3/100 [something (21)]
 14182 | Lair:1   | Entered Level 1 of the Lair of Beasts
 14186 | Lair:1   | Noticed an eight-headed hydra
 14194 | Lair:1   | Killed an eight-headed hydra
 14565 | Lair:1   | Reached XP level 13. HP: 76/108 MP: 25/25
 16140 | Lair:3   | Noticed Gastronok
 16141 | Lair:3   | Found a staircase to the Shoals.
 16159 | Lair:3   | Killed Gastronok
 17097 | Lair:4   | Got a shimmering iron amulet
 17105 | Lair:4   | Identified the amulet of Waviposk {rMut rPois Dex-2 SInv} (You found it on level 4 of the Lair of Beasts)
 17132 | Lair:4   | Acquired Yredelemnul's fourth power
 17483 | Lair:4   | Received a gift from Yredelemnul
 17541 | Lair:4   | Found a burning altar of Makhleb.
 18327 | Lair:5   | Noticed a dire elephant
 18350 | Lair:5   | Killed a dire elephant
 18577 | Lair:5   | Reached XP level 14. HP: 91/119 MP: 25/25
 18656 | Lair:5   | Received a gift from Yredelemnul
 18659 | Lair:5   | Found a staircase to the Snake Pit.
 19270 | Lair:6   | Received a gift from Yredelemnul
 19429 | Lair:6   | Received a gift from Yredelemnul
 19656 | Lair:6   | Noticed Nergalle
 19664 | Lair:6   | Killed Nergalle
 20101 | Lair:7   | Reached skill level 10 in Armour
 20213 | Lair:7   | Acquired Yredelemnul's fifth power
 20801 | Lair:7   | Received a gift from Yredelemnul
 20833 | Lair:7   | Received a gift from Yredelemnul
 21033 | Lair:8   | Entered Level 8 of the Lair of Beasts
 21106 | Lair:8   | Reached skill level 15 in Fighting
 21116 | Lair:8   | Noticed Snorg
 21187 | Lair:8   | Found a labyrinth entrance.
 21230 | Lab      | Entered a labyrinth
 22158 | Lair:8   | Learned a level 2 spell: Repel Missiles
 22162 | Lair:8   | Learned a level 3 spell: Regeneration
 22165 | Lair:8   | Learned a level 2 spell: Blink
 22171 | Lair:8   | Identified a +2 rod of destruction (13/13) (You found it in a labyrinth)
 22172 | Lair:8   | Identified a +5 rod of destruction (10/10) (You found it in a labyrinth)
 22215 | Lair:8   | Reached skill level 1 in Shields
 22260 | Lair:8   | Received a gift from Yredelemnul
 22448 | Lair:8   | Killed Snorg
 22512 | Lair:8   | Reached XP level 15. HP: 129/129 MP: 24/26
 22718 | Lair:8   | Reached skill level 15 in Polearms
 22745 | Lair:8   | Your ally Snorg died
 22786 | Lair:8   | Found a burning altar of Makhleb.
 22804 | Lair:8   | Reached skill level 5 in Shields
 22925 | Lair:8   | Found a gateway to Hell.
 23326 | Lair:8   | Found a staircase to the Slime Pits.
 23802 | Lair:6   | Reached skill level 16 in Polearms
 24000 | Orc:1    | Entered Level 1 of the Orcish Mines
 24105 | Orc:1    | Found a roughly hewn altar of Beogh.
 24143 | Orc:1    | Received a gift from Yredelemnul
 24209 | Orc:1    | Noticed Edmund
 24216 | Orc:1    | Killed Edmund
 24444 | Orc:1    | Received a gift from Yredelemnul
 24458 | Orc:1    | Received a gift from Yredelemnul
 24624 | Orc:2    | Noticed Fannar
 24625 | Orc:2    | Received a gift from Yredelemnul
 24635 | Orc:2    | Killed Fannar
 24796 | Orc:2    | Found a roughly hewn altar of Beogh.
 24807 | Orc:2    | Received a gift from Yredelemnul
 25271 | Orc:3    | Found a staircase to the Elven Halls.
 25375 | Orc:3    | Received a gift from Yredelemnul
 25677 | Orc:4    | Entered Level 4 of the Orcish Mines
 25769 | Orc:4    | Received a gift from Yredelemnul
 25841 | Orc:4    | Received a gift from Yredelemnul
 25884 | Orc:4    | Noticed Erolcha
 25892 | Orc:4    | Killed Erolcha
 25949 | Orc:4    | Received a gift from Yredelemnul
 25962 | Orc:4    | Found Obleum's Distillery.
 25966 | Orc:4    | Found Bruonaq's Food Emporium.
 26159 | Orc:4    | Received a gift from Yredelemnul
 26332 | Orc:4    | Reached skill level 10 in Invocations
 26341 | Orc:4    | Received a gift from Yredelemnul
 26474 | Orc:4    | Found Xaoqaen's Book Shop.
 26474 | Orc:4    | Found Gerin's Antique Armour Boutique.
 26475 | Orc:4    | Found a one-way gate leading to the halls of Pandemonium.
 26479 | Orc:4    | Bought a warped ring mail for 288 gold pieces
 26479 | Orc:4    | Identified the +1 ring mail of the Beekeeper {-Tele rElec rN+ Regen+ MP-9} (You bought it in a shop on level 4 of the Orcish Mines)
 26514 | Orc:4    | Bought a potion of cure mutation for 350 gold pieces
 26514 | Orc:4    | Bought a potion of berserk rage for 50 gold pieces
 26597 | Orc:4    | Noticed Sonja
 26604 | Orc:4    | Killed Sonja
 26604 | Orc:4    | Enslaved Sonja
 26635 | Orc:4    | Received a gift from Yredelemnul
 27197 | D:13     | Noticed a frost giant
 27205 | D:13     | Noticed an azure jelly
 27205 | D:13     | an alligator snapping turtle changed into an azure jelly
 27214 | D:13     | Killed an azure jelly
 27245 | D:13     | Found a gate to the Vaults.
 27315 | D:13     | Reached XP level 16. HP: 125/136 MP: 30/30
 27706 | D:14     | Noticed a centaur warrior
 27713 | D:14     | Killed a centaur warrior
 27780 | D:14     | Noticed a six-headed hydra
 27786 | D:14     | Killed a six-headed hydra
 27821 | D:14     | Noticed a catoblepas
 27832 | D:14     | Killed a catoblepas
 28578 | D:15     | Noticed Harold
 28586 | D:15     | Killed Harold
 28766 | D:15     | Found a staircase to the Depths.
 28768 | D:15     | Noticed a quicksilver dragon zombie
 28785 | D:15     | Killed a quicksilver dragon zombie
 28872 | D:15     | Received a gift from Yredelemnul
 29006 | D:15     | Noticed Erica
 29010 | D:15     | Killed Erica
 29541 | Shoals:1 | Entered Level 1 of the Shoals
 29986 | Shoals:1 | Reached skill level 10 in Shields
 30532 | Shoals:2 | Noticed Aizul
 30566 | Shoals:2 | Killed Aizul
 30751 | Shoals:2 | Received a gift from Yredelemnul
 31480 | Shoals:3 | Received a gift from Yredelemnul
 31803 | Shoals:3 | Reached skill level 1 in Spellcasting
 32469 | Shoals:4 | Received a gift from Yredelemnul
 32478 | Shoals:4 | Noticed a kraken
 32492 | Shoals:4 | Killed a kraken
 32492 | Shoals:4 | Reached XP level 17. HP: 116/142 MP: 31/31
 32593 | Shoals:4 | Reached skill level 5 in Spellcasting
 32593 | Shoals:4 | Your ally Sonja died
 32884 | Shoals:4 | Found Giheatt's General Store.
 33202 | Shoals:4 | Got a heavy robe
 33213 | Shoals:4 | Identified the +0 robe "Kesea" {rPois rC- rCorr Str+4 Dex+6} (You found it on level 4 of the Shoals)
 33298 | Shoals:5 | Entered Level 5 of the Shoals
 33474 | Shoals:5 | Received a gift from Yredelemnul
 33490 | Shoals:5 | Noticed Asterion
 33507 | Shoals:5 | Killed Asterion
 33687 | Shoals:5 | Noticed Ilsuiw
 33705 | Shoals:5 | Killed Ilsuiw
 33807 | Shoals:5 | Gained mutation: Your muscles are strong. (Str +2) [potion of beneficial mutation]
 33957 | Shoals:5 | Reached skill level 1 in Charms
 34080 | Shoals:5 | Found a shattered altar of Ashenzari.
 34345 | Shoals:5 | Received a gift from Yredelemnul
 34367 | Shoals:5 | Got a barnacled rune of Zot
 35004 | Snake:1  | Entered Level 1 of the Snake Pit
 35009 | Snake:1  | Noticed Nessos
 35025 | Snake:1  | Killed Nessos
 35195 | Snake:1  | Received a gift from Yredelemnul
 35401 | Snake:1  | Noticed Azrael
 35411 | Snake:1  | Killed Azrael
 35681 | Snake:1  | Reached skill level 5 in Charms
 36652 | Snake:2  | Noticed Norris
 36668 | Snake:2  | Killed Norris
 36668 | Snake:2  | Reached skill level 10 in Spellcasting
 36682 | Snake:2  | Got a jewelled buckler
 36683 | Snake:2  | Identified the +0 buckler of Gehenna {Dex+4} (You took it off Norris on level 2 of the Snake Pit)
 36801 | Snake:2  | Noticed Vashnia
 36859 | Snake:1  | Reached XP level 18. HP: 63/149 MP: 35/35
 37815 | Snake:2  | Reached skill level 1 in Necromancy
 38232 | Snake:3  | Noticed Frances
 38257 | Snake:3  | Killed Frances
 38257 | Snake:3  | Enslaved Frances
 38346 | Snake:3  | Found Kleira's Book Shoppe.
 38874 | Snake:4  | Received a gift from Yredelemnul
 38900 | Snake:4  | Your ally Frances died
 39204 | Snake:4  | Found Twias' Distillery.
 39220 | Snake:4  | Bought a potion of heal wounds for 95 gold pieces
 39829 | Snake:5  | Entered Level 5 of the Snake Pit
 39978 | Snake:5  | Found Luseazxy's Assorted Antiques.
 39980 | Snake:5  | Found Ohucrag's Antique Armour Shoppe.
 39982 | Snake:5  | Bought a scroll of recharging for 294 gold pieces
 39982 | Snake:5  | Bought a pair of glowing gloves for 139 gold pieces
 39999 | Snake:5  | Bought a crude ring mail for 261 gold pieces
 40009 | Snake:5  | Identified the +5 ring mail "Ocaif" {Str+4 Int+7 Dex+3 Stlth-} (You bought it in a shop on level 5 of the Snake Pit)
 40143 | Snake:5  | Found Zietif's Food Emporium.
 40339 | Snake:5  | Received a gift from Yredelemnul
 40343 | Snake:5  | Reached skill level 15 in Dodging
 40739 | Snake:5  | Received a gift from Yredelemnul
 40824 | Snake:5  | Reached skill level 5 in Throwing
 41435 | Snake:5  | Got a serpentine rune of Zot
 41637 | Snake:5  | Reached XP level 19. HP: 102/155 MP: 36/36
 41762 | Snake:5  | Received a gift from Yredelemnul
 42245 | Snake:2  | Shot with a bolt by a naga sharpshooter

Action                   |  1- 3 |  4- 6 |  7- 9 | 10-12 | 13-15 | 16-18 | 19-21 || total
-------------------------+-------+-------+-------+-------+-------+-------+-------++-------
Melee: Trident           |    59 |       |       |    35 |   778 |  2012 |   118 ||  3002
       Halberd           |    32 |   181 |   361 |       |       |       |       ||   574
       Glaive            |       |       |    47 |   787 |   831 |       |       ||  1665
Throw: Throwing net      |     5 |     1 |       |       |       |     2 |       ||     8
       Javelin           |       |       |       |       |       |    24 |     1 ||    25
 Cast: Regeneration      |       |       |       |       |       |     9 |       ||     9
       Repel Missiles    |       |       |       |       |       |     3 |       ||     3
       Blink             |       |       |       |       |       |     1 |       ||     1
Invok: Animate Remains   |       |       |       |     4 |     1 |       |       ||     5
       Animate Dead      |       |       |       |    14 |    36 |    18 |       ||    68
       Injury Mirror     |       |       |       |     3 |     4 |     2 |       ||     9
       Recall Undead Sla |       |       |       |     1 |     2 |     4 |       ||     7
       Enslave Soul      |       |       |       |       |     1 |     6 |       ||     7
 Abil: Spit Poison       |       |       |       |     1 |     1 |       |       ||     2
Evoke: Wand              |       |       |     5 |     9 |    11 |     3 |       ||    28
       Deck              |       |       |       |       |     1 |       |       ||     1
       Rod               |       |       |       |       |     7 |     8 |     9 ||    24
  Use: Potion            |       |     4 |     2 |     2 |     5 |     6 |       ||    19
       Scroll            |       |     7 |     7 |    12 |    24 |    16 |       ||    66
 Stab: Held in net/web   |     4 |       |       |       |       |       |       ||     4
       Sleeping          |       |     4 |     1 |       |     2 |    19 |       ||    26
       Distracted        |       |     1 |     1 |     2 |    19 |    33 |       ||    56
       Fleeing           |       |       |       |       |       |     1 |       ||     1
  Eat: Chunk             |     1 |     6 |     4 |    14 |    32 |    35 |     3 ||    95
       Fruit             |       |       |     9 |    15 |    16 |    13 |       ||    53
       Pizza             |       |       |     2 |       |       |     2 |       ||     4
       Beef jerky        |       |       |     1 |     2 |       |     4 |       ||     7
       Royal jelly       |       |       |       |       |       |     2 |       ||     2
